Map: Tourmaline LE

Players

HoldTheDoor

  • Race: Protoss Protoss
  • League: Diamond
  • Spawn Location: 1:00

Arturoh - Winner!

  • Race: Terran Terran
  • League: Master
  • Spawn Location: 7:00

VOD

Have the link to the VOD?

Description

Time

  • Played on: May 20, 2026, 12:07 p.m.
  • Length: 5:28
Show
View Real Time Build Order
Export as new Build Order

HoldTheDoor Protoss 

Build Orders: 1 Gate Expand 

Get SALT Encoding   

  12  0:00  Probe  
  13  0:12  Probe  
  14  0:17  Pylon  
  14  0:23  Probe  
  15  0:31  Probe  
  15  0:38  Gateway  
  15  0:40  Probe  
  17  0:50  Probe  
  17  0:53  Assimilator  
  18  1:03  Probe  
  19  1:10  Pylon  
  19  1:15  Probe  
  20  1:32  Probe  
  20  1:40  Nexus  
  20  1:44  Cybernetics Core  
  20  1:46  Probe  
  21  1:52  Assimilator  
  21  1:58  Probe  
  22  2:10  Probe  
  22  2:13  Adept  
  23  2:21  Pylon  
  23  2:22  Warp Gate  
  25  2:30  Shield Battery  
  25  2:39  Probe  
  25  2:43  Sentry  
  28  2:49  Pylon  
  28  2:51  Probe  
  28  2:54  Pylon  
  28  3:21  Probe x2  
  28  3:24  Adept  
  32  3:33  Probe  
  33  3:36  Robotics Facility  
  33  3:37  Gateway  
  33  3:42  Twilight Council  
  33  3:47  Gateway  
  33  3:49  Gateway  
  33  3:53  Gateway  
  33  3:55  Probe  
  33  3:58  Probe  
  35  4:10  Shield Battery  
  35  4:27  Adept  
  35  4:29  Probe x2  
  39  4:32  Assimilator  
  39  4:33  Immortal  
  43  4:41  Probe x2  
  43  4:43  Stalker  
  47  4:46  Stalker  
  47  4:51  Sentry  
  52  5:00  Probe  
  52  5:05  Probe  
  52  5:06  Forge  
  53  5:08  Pylon  
  53  5:12  Probe  
Show
View Real Time Build Order
Export as new Build Order

Arturoh Terran - Winner!

Build Orders: Liberator Opening 

Get SALT Encoding   

  12  0:00  SCV  
  13  0:13  SCV  
  14  0:17  Supply Depot  
  14  0:25  SCV  
  15  0:39  SCV  
  15  0:40  Barracks  
  16  0:44  Refinery  
  16  0:51  SCV  
  17  1:04  SCV  
  18  1:16  SCV  
  19  1:24  Supply Depot  
  19  1:28  SCV  
  19  1:29  Marine  
  21  1:46  Orbital Command  
  21  1:52  Barracks, Refinery  
  22  1:54  Reaper  
  22  2:08  Factory  
  22  2:13  SCV  
  23  2:25  SCV  
  24  2:32  Barracks Reactor  
  25  2:37  SCV  
  25  2:42  Barracks Tech Lab  
  25  2:46  Supply Depot  
  25  2:49  SCV  
  26  2:58  Starport  
  26  3:01  SCV  
  26  3:03  Factory Tech Lab  
  27  3:20  Marine x3  
  30  3:31  Supply Depot  
  30  3:32  Stimpack  
  30  3:38  Marine x3  
  30  3:40  Supply Depot  
  33  3:51  Liberator  
  33  3:53  SCV  
  37  3:56  Marine x3  
  40  4:03  Supply Depot  
  40  4:14  Marine x3  
  40  4:15  Command Center  
  43  4:47  Starport Tech Lab  
  43  4:53  Barracks  
  43  4:54  Barracks  
  43  4:55  Barracks, Supply Depot, SCV  
Tags
 
Add a new tag
Caveats
  • Supply blocks, unpowered buildings, or Contaminate may cause inaccurate times.
  • Supply counts are checked every 10 seconds.